 Dungeon Crawl Stone Soup version 0.28-a0-863-g8cecda6153 (webtiles) character file.

Game seed: 5522969050981582756

1591 siradein the Cleaver (level 8, -2/109 HPs)
             Began as a Hill Orc Berserker on Nov 19, 2021.
             Was an Elder of Trog.
             Killed by divine providence
             ... invoked by an orc priest
              (16 damage)
             ... on level 6 of the Dungeon.
             The game lasted 00:20:12 (6384 turns).

siradein the Cleaver (Hill Orc Berserker)           Turns: 6384, Time: 00:20:13

Health: -2/109     AC: 15    Str: 21    XL:     8   Next: 93%
Magic:  8/8        EV:  7    Int:  7    God:    Trog [****..]
Gold:   286        SH:  0    Dex: 11    Spells: 7/7 levels left

rFire   . . .      SeeInvis .   p - +0 war axe
rCold   . . .      Faith    .   (no shield)
rNeg    + . .      Spirit   .   x - +0 plate armour
rPois   .          Reflect  .   (no helmet)
rElec   .          Harm     .   (no cloak)
rCorr   .          Rampage  .   k - +1 pair of gloves
Will    ++...                   (no boots)
Stlth   ..........              (no amulet)
HPRegen 1.28/turn               t - ring of positive energy
MPRegen 0.11/turn               (no ring)

@: berserking, lethally poisoned (-2 -> -3), strong-willed, regenerating, very
quick
A: no striking features
a: Renounce Religion, Convert to Beogh, Berserk, Trog's Hand, Brothers in Arms


You were on level 6 of the Dungeon.
You worshipped Trog.
Trog was greatly pleased with you.
You visited 1 branch of the dungeon, and saw 6 of its levels.
You also visited: Ossuary.

You collected 286 gold pieces.

Inventory:

Hand Weapons
 p - a +0 war axe (weapon)
Missiles
 e - 54 stones (quivered)
 j - 3 boomerangs
 q - 5 atropa-tipped darts
 y - 19 poisoned darts
Armour
 k - a +1 pair of gloves (worn)
 x - a +0 plate armour (worn)
Jewellery
 t - a ring of positive energy (left hand)
Wands
 s - a wand of iceblast (11)
 w - a wand of polymorph (6)
Scrolls
 b - a scroll of acquirement {unknown}
 d - a scroll of enchant armour {unknown}
 f - 3 scrolls of enchant weapon {unknown}
 h - a scroll of noise {unknown}
 l - 2 scrolls of teleportation {unknown}
 m - 7 scrolls of identify {unknown}
 n - a scroll of holy word {unknown}
 u - a scroll of immolation {unknown}
 v - a scroll of fog {unknown}
Potions
 a - a potion of resistance {unknown}
 c - 2 potions of flight {unknown}
 g - 2 potions of heal wounds {unknown}
 i - 3 potions of berserk rage {unknown}
 o - 4 potions of degeneration {unknown}
 r - a potion of curing {unknown}
 z - 2 potions of might {unknown}
 A - a potion of ambrosia {unknown}
 B - a potion of brilliance {unknown}


   Skills:
 + Level 7.5 Fighting
 + Level 8.2 Axes
 + Level 6.3 Armour
 + Level 4.7 Dodging


You had 7 spell levels left.
You didn't know any spells.
Your spell library was empty.

Dungeon Overview and Level Annotations

Branches:
Dungeon (6/15)             Temple (0/1) D:4         Ossuary (visited)

Altars:
Ashenzari
Fedhas
Gozag
Hepliaklqana
Zin

Shops:
D:3 (

Annotations:
D:4 1 runed translucent door, Crazy Yiuf


Message History

The adder bites you but does no damage.
The orc priest hits you but does no damage.
You bump into the rock wall.
The orc hits you but does no damage. The adder bites you.
The orc warrior closely misses you.
The orc priest looks encouraged for a moment.
The orc warrior hits you with a +2 flail of protection!
The orc priest calls down the wrath of Beogh upon you.
Beogh smites you!
* * * LOW HITPOINT WARNING * * *
The adder bites you but does no damage.
You see here a +0 war axe.
Unknown command.
You barely miss the adder.
The adder is severely wounded.
You miss the orc warrior.
You feel less confused. The orc warrior barely misses you.
The adder bites you but does no damage.
The orc priest begins to cast a cantrip, but forgets the words!
Unknown command.
Your skin crawls.
You feel strong-willed. The adder bites you.
* * * LOW HITPOINT WARNING * * *
You are poisoned.
The adder poisons you!
The orc warrior hits you but does no damage.
A red film seems to cover your vision as you go berserk!
You feel yourself moving faster!
You feel mighty!
You feel sick. The adder bites you but does no damage.
The orc warrior completely misses you. The orc priest barely misses you.
The adder bites you but does no damage.
You barely miss the orc warrior.
The orc warrior is moderately wounded.
You closely miss the orc priest. You hit the adder.
You kill the adder!
Trog accepts your kill.
The orc warrior hits you with a +2 flail of protection.
* * * LOW HITPOINT WARNING * * *
The orc priest calls down the wrath of Beogh upon you.
Beogh smites you!
You die...

....#
#.##...............##..
....#
########...............
..... #.........!....#
##. #..............#
###. +..........?...#
.... +............#..
.... +............#
.... ##..####.....# ...
#oo@## ..... .. #.#oo#
#.... #....)ZY.# ....
..........# ### .
...####.....# . ..
........ # . .........#
# ........... #
............


You could see an orc warrior, an ice beast, 2 orc priests, an orc and a centaur
zombie.

Vanquished Creatures
  Sigmund (D:6)
  Menkaure (D:4)
  Duvessa (D:4)
  2 ice beasts (D:5)
  5 necrophages (D:5)
  An ogre (D:4)
  Dowan (D:4)
  A bullfrog zombie (D:5)
  2 hounds
  2 orc priests
  2 iguanas
  2 orc wizards
  A hound zombie (D:5)
  A hound skeleton (D:4)
  A mummy (Ossuary)
  7 adders
  An ufetubus (D:5)
  2 worms
  3 dart slugs
  7 orcs
  2 spectral bats (Ossuary)
  5 bats
  5 endoplasms
  5 giant cockroaches
  12 gnoll zombies (Ossuary)
  3 goblins
  5 hobgoblins
  3 kobolds
  2 quokkas
  15 ball pythons
  2 bat simulacra (Ossuary)
  3 frilled lizards
  4 goblin simulacra (Ossuary)
  6 goblin zombies (Ossuary)
  A hobgoblin zombie (Ossuary)
  3 kobold simulacra (Ossuary)
  3 kobold zombies (Ossuary)
  8 orc zombies (Ossuary)
  8 rats
  5 spectral kobolds (Ossuary)
  6 spectral rats (Ossuary)
150 creatures vanquished.

Vanquished Creatures (others)
  A bush (D:5)
  13 plants (D:5)
14 creatures vanquished.

Grand Total: 164 creatures vanquished

Notes
Turn   | Place    | Note
-------+----------+-------------------------------------------
     0 | D:1      | siradein the Hill Orc Berserker began the quest for the
                  | Orb.
     0 | D:1      | Reached XP level 1. HP: 19/19 MP: 1/1
   209 | D:1      | Found a faded altar of an unknown god.
   290 | D:1      | Reached XP level 2. HP: 26/27 MP: 2/2
  1325 | D:2      | Reached XP level 3. HP: 27/33 MP: 3/3
  1980 | D:2      | Found a broken altar of Ashenzari.
  2189 | D:3      | Reached ** piety under Trog
  2257 | D:3      | Reached XP level 4. HP: 32/40 MP: 4/4
  2594 | D:3      | Reached skill level 5 in Axes
  2602 | D:3      | Reached XP level 5. HP: 37/47 MP: 5/5
  2819 | D:3      | Found Duerianu's Antique Weapon Shoppe.
  3440 | D:4      | Found a staircase to the Ecumenical Temple.
  3504 | D:4      | Noticed Menkaure
  3514 | D:4      | Killed Menkaure
  3515 | D:4      | Reached skill level 5 in Fighting
  3515 | D:4      | Reached XP level 6. HP: 45/56 MP: 6/6
  3728 | D:4      | Reached skill level 6 in Axes
  3943 | D:4      | Found a runed translucent door.
  3944 | D:4      | Noticed Crazy Yiuf
  4310 | D:4      | Noticed Duvessa
  4310 | D:4      | Noticed Dowan
  4314 | D:4      | Killed Dowan
  4315 | D:4      | Reached XP level 7. HP: 61/61 MP: 7/7
  4322 | D:4      | Killed Duvessa
  4641 | D:5      | Entered Level 5 of the Dungeon
  4739 | D:5      | Found a broken altar of Ashenzari.
  4982 | D:5      | Reached skill level 5 in Armour
  5310 | D:5      | Found a glowing silver altar of Zin.
  5311 | D:5      | Found a hazy altar of Hepliaklqana.
  5312 | D:5      | Found an opulent altar of Gozag.
  5325 | D:5      | Reached skill level 7 in Axes
  5567 | D:5      | Reached XP level 8. HP: 71/71 MP: 8/8
  5589 | D:5      | Found the +6 Majin-Bo {vamp, MP+6 Int+6}
  5675 | D:5      | Found a blossoming altar of Fedhas.
  5911 | D:6      | Noticed Sigmund
  5929 | D:6      | Killed Sigmund
  5930 | D:6      | Reached skill level 8 in Axes
  5932 | D:6      | Found a sand-covered staircase.
  5942 | Ossuary  | Entered an ossuary
  6044 | Ossuary  | Reached *** piety under Trog
  6224 | Ossuary  | Reached **** piety under Trog
  6384 | D:6      | Killed from afar by an orc priest

Illustrated notes

Levels and vault maps discovered:
D:1:      shiori_arrival_maze, layout_basic, chequers_ecumenical_altar_twisty,
          chequers_serial_rivers_micro_a, chequers_garden, minmay_tall_x
D:2:      layout_basic, basic_altar, minmay_vboxes
D:3:      layout_basic, serial_shops, shop, minmay_strange_pillars,
          minmay_starry_boxes
D:4:      layout_gridville, temple_fountains,
          hangedman_abyss_or_decor_lesser_grid, uniq_duvessa, uniq_menkaure,
          uniq_crazy_yiuf_cottage
D:5:      layout_gridville, mainiacjoe_overflow_surrounded_room,
          fedhas_altar_decomposition, chequers_temple_overflow_statue_of_worship
D:6:      lemuel_ratsnest, layout_cave_pools, mainiacjoe_overflow_alcove_4,
          enter_ossuary_1, portal_sewer_entry_a, uniq_sigmund

Skill      XL: |  1  2  3  4  5  6  7  8 |
---------------+-------------------------+-----
Fighting       | 4 5 6 7 |  7.5
Dodging        | 2 3 4 |  4.7
Armour         | 3 4 5 6 |  6.3
Axes           | 5 6 7 8 |  8.2

Action                   |  1- 3 |  4- 6 |  7- 9 || total
-------------------------+-------+-------+-------++-------
Melee: Hand axe          |   122 |       |       ||   122
       War axe           |     2 |    97 |   240 ||   339
Invok: Berserk           |     1 |     5 |     2 ||     8
       Trog's Hand       |       |     1 |     1 ||     2
Armor: Animal skin       |     9 |       |       ||     9
       Ring mail         |    44 |    60 |       ||   104
       Plate armour      |       |     3 |   154 ||   157
Dodge: Dodged            |    98 |    61 |    71 ||   230

Table legend: (Time is in decaauts)
 A = Elapsed time spent in this place.
 B = Non-inter-level travel time spent in this place.
 C = Inter-level travel time spent in this place.
 D = Time resting spent in this place.
 E = Time spent auto-exploring this place.
 F = Levels seen in this place.
 G = Mean time per level.
                   A        B        C        D        E       F      G
               +--------+--------+--------+--------+--------+-----+--------+
         Total |   6505 |   6438 |     67 |    397 |   4792 |   7 |  929.3 |
       Dungeon |   6090 |   6023 |     67 |    397 |   4555 |   6 | 1015.0 |
       Ossuary |    415 |    415 |      0 |      0 |    237 |   1 |  415.0 |
               +--------+--------+--------+--------+--------+-----+--------+

Top non-repeatable levels by time:
     D:4: 1514 daAuts
     D:3: 1357 daAuts
     D:5: 1043 daAuts
     D:1: 1023 daAuts
     D:2: 1009 daAuts
 Ossuary: 415 daAuts
     D:6: 142 daAuts
